 Dungeon Crawl Stone Soup version 0.29-a0-317-gd16b76e6b1 (webtiles) character file.

Game seed: 14574225069572314446

887 Murumi the Agent of Entropy (level 8, -26/62 HPs)
             Began as a Formicid Abyssal Knight on Mar 31, 2022.
             Was a Priest of Lugonu.
             Annihilated by an ogre
             ... wielding a +0 giant club
              (34 damage)
             ... on level 4 of the Dungeon.
             The game lasted 00:12:41 (5816 turns).

Murumi the Agent of Entropy (FoAK)                  Turns: 5816, Time: 00:12:42

Health: -26/62     AC: 13    Str: 21    XL:     8   Next: 26%
Magic:  12/12      EV:  8    Int:  9    God:    Lugonu [***...]
Gold:   210        SH:  0    Dex: 11    Spells: 7/7 levels left

rFire   . . .      SeeInvis +   m - +0 flail
rCold   . . .      Faith    .   (no shield)
rNeg    . . .      Spirit   .   h - +0 chain mail
rPois   .          Reflect  .   (helmet unavailable)
rElec   .          Harm     +   k - scarf {harm}
rCorr   +          Rampage  .   (no gloves)
Will    .....                   (no boots)
Stlth   ..........              (no amulet)
HPRegen 0.20/turn               d - +4 ring of protection
MPRegen 0.13/turn               j - ring of resist corrosion

@: no status effects
A: permanent stasis, dig shafts and tunnels, antennae 3, four strong arms
a: Dig, Shaft Self, Renounce Religion, Depart the Abyss, Bend Space, Banish


You were on level 4 of the Dungeon.
You worshipped Lugonu.
Lugonu was most pleased with you.
You visited 1 branch of the dungeon, and saw 5 of its levels.
You visited the Abyss 1 time.

You collected 210 gold pieces.

Inventory:

Hand Weapons
 m - a +0 flail (weapon)
Armour
 h - a +0 chain mail (worn)
 k - a scarf of harm (worn)
Jewellery
 d - a +4 ring of protection (left hand)
 j - a ring of resist corrosion (right hand)
Wands
 e - a wand of acid (6)
Potions
 a - a potion of lignification {unknown}
 b - a potion of cancellation
 c - a potion of brilliance
 f - a potion of haste {unknown}
 g - 3 potions of curing {unknown}
 i - a potion of resistance {unknown}
 l - 2 potions of might {unknown}
 n - 2 potions of ambrosia {unknown}


   Skills:
 - Level 5.0 Fighting
 - Level 4.0 Maces & Flails
 - Level 5.0 Armour
 - Level 2.0 Dodging
 + Level 3.9 Stealth
 - Level 6.0 Invocations


You had 7 spell levels left.
You didn't know any spells.
Your spell library contained the following spells:

 Spells                   Type           Power      Damage    Failure   Level
 Call Canine Familiar     Summ           0%         N/A       100%        3
 Portal Projectile        Hex/Tloc       0%         N/A       100%        3
 Leda's Liquefaction      Hex/Erth       0%         N/A       100%        4


Dungeon Overview and Level Annotations

Branches:
Dungeon (5/15)
 Temple: D:4-7

Altars:
Gozag
Xom


Innate Abilities, Weirdness & Mutations

You cannot be hasted, slowed, berserked, paralysed or teleported.
You can dig through walls and to a lower floor.
You have a pair of large antennae on your head. (SInv)
Your four strong arms can wield two-handed weapons with a shield.


Message History

There is a stone staircase leading down here.
You see here the +2 mace of Eternal Vigilance {vorpal, *Slow +Blink Str+4 Dex+3}.
There is a stone staircase leading down here.
You climb downwards.
Found 2 viscous brown potions and a book of the Hunter.
There is a stone staircase leading up here.
n - 2 viscous brown potions You pick up a book of the Hunter and begin reading...
You add the spells Call Canine Familiar, Portal Projectile and Leda's Liquefaction to your library.
(D) Dungeon
Where to? (Enter - D:4 @ (x,y), ? - help)
There is a stone staircase leading up here.
You climb upwards.
There is a stone staircase leading down here.
There is a stone staircase leading down here.
You climb downwards.
The ogre shouts!
The hound barks!
Found a robe.
Found a stone staircase leading down.
There is a stone staircase leading up here.
You hit the ogre.
The ogre is lightly wounded.
The ogre closely misses you.
You climb upwards.
There is a stone staircase leading down here.
You hit the ogre.
The ogre is lightly wounded.
The ogre hits you with a +0 giant club!
You sock the ogre!
The ogre is severely wounded.
The ogre hits you with a +0 giant club!!
You are too injured to fight recklessly!
You barely miss the ogre.
The ogre is severely wounded.
The ogre hits you with a +0 giant club!!
* * * LOW HITPOINT WARNING * * *
You hit the ogre.
The ogre is severely wounded.
The ogre hits you with a +0 giant club!!
Ouch! That really hurt!
You die...

#...###...<.#.....>..#.#.........
.....##.................)........
#.##.##.....##.#..##.#.#.........
#.##.##.....##.#.......#####...##
..##.#########.#..##.### #...#
####.# #.##.##.# #...# ####.#
#.##.##.# #...# .....#
#######.O.....# ##.## ######
#........@)#### #.# #
#.########## #####.### ########.#
####.).....# .........#
####....###.#.# ##########
#...........#.# #..............
#......)....#># #........##<#.#
#.##..........#


You could see an ogre.

Vanquished Creatures
  Grinder (D:4)
  Sigmund (D:3)
  An ogre (D:4)
  2 hounds (D:4)
  A jelly (D:3)
  An orc priest (D:4)
  Ijyb (D:5)
  Natasha (thrice) (D:3)
  Robin (D:3)
  4 gnolls (D:4)
  6 adders
  3 worms
  4 dart slugs
  9 orcs
  5 ball pythons
  5 endoplasms
  4 giant cockroaches
  11 goblins
  11 hobgoblins
  4 jackals (D:3)
  3 quokkas (D:4)
  A bat (D:1)
  5 frilled lizards
  7 kobolds
  6 rats
100 creatures vanquished.

Vanquished Creatures (others)
  A plant (D:4)
1 creature vanquished.

Grand Total: 101 creatures vanquished

Notes
Turn   | Place    | Note
-------+----------+-------------------------------------------
     0 | Abyss:1  | Murumi the Formicid Abyssal Knight began the quest for the
                  | Orb.
     0 | Abyss:1  | Reached XP level 1. HP: 18/18 MP: 2/2
    52 | Abyss:1  | Noticed a vampire
    53 | D:1      | Escaped the Abyss
    75 | D:1      | Reached skill level 1 in Dodging
   357 | D:1      | Reached XP level 2. HP: 21/25 MP: 3/3
   690 | D:1      | Found a faded altar of an unknown god.
   853 | D:1      | Reached ** piety under Lugonu
   931 | D:1      | Reached XP level 3. HP: 29/30 MP: 4/4
  1539 | D:2      | Reached skill level 3 in Invocations
  1593 | D:2      | Reached skill level 1 in Stealth
  1603 | D:2      | Reached XP level 4. HP: 37/37 MP: 6/6
  2742 | D:3      | Noticed Natasha
  2756 | D:3      | Killed Natasha
  2757 | D:3      | Reached XP level 5. HP: 22/42 MP: 7/7
  2994 | D:3      | Reached skill level 4 in Invocations
  3016 | D:3      | Found an opulent altar of Gozag.
  3152 | D:3      | Noticed Sigmund
  3178 | D:3      | Killed Sigmund
  3179 | D:3      | Reached skill level 5 in Invocations
  3179 | D:3      | Reached XP level 6. HP: 28/48 MP: 9/9
  3580 | D:3      | Noticed Robin
  3599 | D:3      | Reached *** piety under Lugonu
  3609 | D:3      | Killed Robin
  3671 | D:3      | Noticed Natasha
  3738 | D:3      | Killed Natasha
  3739 | D:3      | Reached XP level 7. HP: 25/53 MP: 10/10
  4083 | D:3      | Found an opulent altar of Gozag.
  4239 | D:3      | Noticed Natasha
  4252 | D:3      | Killed Natasha
  4564 | D:4      | Identified the +2 mace of Eternal Vigilance {vorpal, *Slow
                  | +Blink Str+4 Dex+3}
  4737 | D:4      | Found a shimmering altar of Xom.
  4798 | D:4      | Reached skill level 5 in Fighting
  5037 | D:4      | Reached skill level 5 in Armour
  5366 | D:4      | Noticed Grinder
  5380 | D:4      | Killed Grinder
  5381 | D:4      | Reached skill level 6 in Invocations
  5381 | D:4      | Reached XP level 8. HP: 47/62 MP: 10/12
  5577 | D:5      | Entered Level 5 of the Dungeon
  5577 | D:5      | Noticed Ijyb
  5596 | D:5      | Killed Ijyb
  5816 | D:4      | Annihilated by an ogre

Illustrated notes

Levels and vault maps discovered:
D:1:      wander_arrival_desolate, layout_basic,
          hellmonk_ecumenical_altar_zigzags
D:2:      layout_loops_corners
D:3:      layout_loops_ring, lemuel_doored_altar, due_unseen_surprise,
          uniq_natasha, uniq_robin, uniq_sigmund
D:4:      layout_loops_cross, xom_teletrap_fun, serial_bayou_pond_d,
          minmay_misc_feat_tiny, cheibrodos_gnoll_hut, uniq_grinder
D:5:      layout_rooms, mainiacjoe_overflow_paths,
          nicolae_overflow_crystal_walls, nrook_mini_backslash, uniq_ijyb

Skill      XL: |  1  2  3  4  5  6  7 |
---------------+----------------------+-----
Dodging        | 1 2 |  2.0
Fighting       | 4 5 |  5.0
Armour         | 3 4 5 |  5.0
Invocations    | 3 5 6 |  6.0
Stealth        | 1 2 3 |  3.9
Maces & Flails | 3 4 |  4.0

Action                   |  1- 3 |  4- 6 |  7- 9 || total
-------------------------+-------+-------+-------++-------
Melee: Mace              |    77 |     7 |       ||    84
       Punch             |     1 |       |     4 ||     5
       Whip              |       |   262 |       ||   262
       Flail             |       |     3 |   122 ||   125
Invok: Depart the Abyss  |     1 |       |       ||     1
 Abil: Dig               |       |     2 |       ||     2
  Use: Scroll            |     4 |     1 |     4 ||     9
 Stab: Sleeping          |       |     1 |       ||     1
Armor: Leather armour    |    22 |     3 |       ||    25
       Ring mail         |       |    79 |       ||    79
       Chain mail        |       |       |    52 ||    52
Dodge: Dodged            |    39 |   109 |    39 ||   187

Table legend: (Time is in decaauts)
 A = Elapsed time spent in this place.
 B = Non-inter-level travel time spent in this place.
 C = Inter-level travel time spent in this place.
 D = Time resting spent in this place.
 E = Time spent auto-exploring this place.
 F = Levels seen in this place.
 G = Mean time per level.
                   A        B        C        D        E       F      G
               +--------+--------+--------+--------+--------+-----+--------+
         Total |   5862 |   5523 |    339 |     13 |   4516 |   6 |  977.0 |
       Dungeon |   5809 |   5470 |    339 |     13 |   4465 |   5 | 1161.8 |
         Abyss |     53 |     53 |      0 |      0 |     51 |   1 |   53.0 |
               +--------+--------+--------+--------+--------+-----+--------+

Top non-repeatable levels by time:
     D:3: 1741 daAuts
     D:2: 1448 daAuts
     D:1: 1210 daAuts
     D:4: 1208 daAuts
     D:5: 199 daAuts
 Abyss:1: 53 daAuts
